 Dungeon Crawl Stone Soup version 0.27-a0-811-ga052575696 (webtiles) character file.

Game seed: 15565351391734717880

7798 LabCoat the Severer (level 11, -2/95 HPs)
             Began as a Hill Orc Fighter on Mar 29, 2021.
             Was an Initiate of Trog.
             Slain by a two-headed ogre
             ... wielding a +0 giant club
              (15 damage)
             ... on level 11 of the Dungeon.
             The game lasted 00:28:49 (10839 turns).

LabCoat the Severer (Hill Orc Fighter)             Turns: 10839, Time: 00:28:50

Health: -2/95      AC: 20    Str: 23    XL:     11   Next: 20%
Magic:  11/11      EV:  6    Int:  8    God:    Trog [......]
Gold:   544        SH: 12    Dex: 10    Spells: 10/10 levels left

rFire    . . .     SeeInvis .   a - +0 war axe
rCold    . . .     Faith    .   c - +1 kite shield
rNeg     . . .     Spirit   .   i - +0 chain mail
rPois    .         Reflect  .   g - +1 helmet
rElec    .         Harm     .   r - +1 cloak
rCorr    .         Rampage  .   e - +2 pair of gloves
Will     .....                  f - +0 pair of boots
Stlth    ..........             (no amulet)
HPRegen  0.25/turn              (no ring)
MPRegen  0.12/turn              (no ring)

@: no status effects
A: no striking features
a: Renounce Religion


You were on level 11 of the Dungeon.
You worshipped Trog.
Trog was noncommittal.
You visited 1 branch of the dungeon, and saw 11 of its levels.

You collected 544 gold pieces.

Inventory:

Hand Weapons
 a - a +0 war axe (weapon)
 h - a +0 mace
Missiles
 k - 76 poisoned darts (quivered)
 m - 10 boomerangs
Armour
 c - a +1 kite shield (worn)
 e - a +2 pair of gloves (worn)
 f - a +0 pair of boots (worn)
 g - a +1 helmet (worn)
 i - a +0 chain mail (worn)
 q - a +1 pair of gloves
 r - a +1 cloak (worn)
Jewellery
 d - a ring of wizardry
Wands
 l - a wand of random effects (6)
 n - a wand of digging (5)
 v - a wand of charming (5)
 y - a wand of iceblast (9)
 A - a wand of mindburst (6)
Scrolls
 j - 3 scrolls of amnesia
 o - 3 scrolls of teleportation
 p - a scroll of holy word {unknown}
 u - a scroll of enchant weapon {unknown}
 w - a scroll of enchant armour
 x - a scroll of summoning {unknown}
 B - a scroll of magic mapping {unknown}
Potions
 b - a potion of heal wounds
 s - a potion of haste
 t - a potion of brilliance


   Skills:
 + Level 8.4 Fighting
 * Level 15.3 Axes
 + Level 2.0 Throwing
 + Level 8.3 Armour
 + Level 7.5 Shields
 + Level 2.2 Evocations


You had 10 spell levels left.
You didn't know any spells.
Your spell library contained the following spells:

 Spells                   Type           Power      Damage    Failure   Level
 Beastly Appendage        Tmut           0%         N/A       100%        1
 Magic Dart               Conj           0%         1d3       100%        1
 Blink                    Tloc           N/A        N/A       100%        2
 Call Imp                 Summ           0%         N/A       100%        2
 Corpse Rot               Necr/Air       N/A        N/A       100%        2
 Slow                     Hex            0%         N/A       100%        2
 Sublimation of Blood     Necr           0%         N/A       100%        2
 Wereblood                Tmut           0%         N/A       100%        2
 Confusing Touch          Hex            0%         N/A       100%        3
 Conjure Flame            Conj/Fire      0%         6-21      100%        3
 Gell's Gravitas          Tloc           0%         N/A       100%        3
 Mephitic Cloud           Conj/Pois/Air  0%         N/A       100%        3
 Spider Form              Tmut/Pois      0%         N/A       100%        3
 Dispel Undead            Necr           0%         3d6       100%        4
 Ice Form                 Ice/Tmut       0%         N/A       100%        4
 Petrify                  Tmut/Erth      0%         N/A       100%        4
 Agony                    Necr           0%         N/A       100%        5
 Blade Hands              Tmut           0%         N/A       100%        5
 Excruciating Wounds      Necr           0%         N/A       100%        5
 Irradiate                Conj/Tmut      0%         3d13      100%        5
 Metabolic Englaciation   Hex/Ice        0%         N/A       100%        5
 Yara's Violent Unravell  Hex/Tmut       0%         3d3       100%        5
 Hydra Form               Tmut           0%         N/A       100%        6
 Statue Form              Tmut/Erth      0%         N/A       100%        6
 Dragon Form              Tmut           0%         N/A       100%        7


Dungeon Overview and Level Annotations

Branches:
Dungeon (12/15)
 Temple: D:4-7         Lair: D:8-11         Orc: D:9-12

Altars:
Fedhas
Gozag
Nemelex Xobeh
Okawaru
Trog
Uskayaw
Xom
Zin

Shops:
D:11 !


Message History

You hit the cyclops but do no damage.
The cyclops is almost dead.
You closely miss the kobold brigand.
The kobold brigand zaps a wand.
The bolt of acid hits you!!
You are splashed with acid!
The cyclops hits you but does no damage.
You hit the cyclops but do no damage.
The cyclops is almost dead.
You hit the kobold brigand.
The kobold brigand hits you but does no damage.
A two-headed ogre comes into view. It is wielding two +0 giant clubs.
You slice the cyclops!!
You kill the cyclops!
Trog accepts your kill.
You hit the kobold brigand. The kobold brigand closely misses you.
You hit the kobold brigand but do no damage.
The kobold brigand is moderately wounded.
You hit the two-headed ogre but do no damage.
The kobold brigand zaps a wand.
The bolt of acid hits you!!
You are splashed with acid.
The two-headed ogre closely misses you.
The two-headed ogre hits you with a +0 giant club.
You are too injured to fight recklessly!
You are too injured to fight recklessly!
You are too injured to fight recklessly!
You are too injured to fight recklessly!
Unknown command.
You hit the two-headed ogre.
The two-headed ogre is lightly wounded.
You slash the kobold brigand! You block the kobold brigand's attack.
You block the two-headed ogre's attack.
The two-headed ogre completely misses you.
You closely miss the two-headed ogre.
The two-headed ogre is lightly wounded.
You barely miss the kobold brigand.
You hear a shout!
The kobold brigand zaps a wand.
The bolt of acid hits you.
* * * LOW HITPOINT WARNING * * *
You are splashed with acid!
* * * LOW HITPOINT WARNING * * *
The two-headed ogre hits you with a +0 giant club!
You die...

. # .. $# # #....###
.#. ### #.......
...### ... ......#.
#.#.#$# ...
#.#.....##.#.#.# .#.#
#.#..###..#.#.#
.#..##.#..#...#.#K#
.##..#.#..###..#@#
.###........†##.#O#
.##...##...#.#[#.#.#
.##.###......###...#
.##[###.#.###...#.#.
....#...#.## .#.# #.#
....#.###..##...###..
...[#.####............
..#.......##.....##


You could see a two-headed ogre and a kobold brigand.

Vanquished Creatures
  Erolcha (D:10)
  A two-headed ogre (D:7)
  2 cyclopes
  An ugly thing (D:12)
  Joseph (D:8)
  An unseen horror (D:10)
  A troll (D:10)
  A hornet (D:10)
  A shadow (D:9)
  3 yaks (D:10)
  2 wyverns
  Eustachio (D:6)
  An acid dragon (D:8)
  A water moccasin (D:8)
  A black bear (D:6)
  3 sky beasts (D:6)
  An orc warrior (D:9)
  2 necrophages
  5 ogres
  A centaur (D:8)
  3 kobold brigands
  2 gnoll sergeants
  3 bullfrogs
  A wyvern skeleton (D:7)
  3 killer bees (D:9)
  5 howler monkeys
  3 wights (D:7)
  3 centaur zombies
  A hound (D:6)
  A jelly (D:8)
  Crazy Yiuf (D:7)
  4 orc priests
  2 centaur skeletons
  4 iguanas
  Natasha (thrice) (D:2)
  A killer bee zombie (D:7)
  A howler monkey zombie (D:9)
  4 adders
  7 gnolls
  2 shadow imps (D:6)
  2 white imps
  An adder skeleton (D:4)
  A worm (D:2)
  A dart slug (D:1)
  16 orcs
  5 ball pythons (D:1)
  6 endoplasms
  3 giant cockroaches (D:1)
  4 goblins
  4 hobgoblins
  3 jackals (D:3)
  A quokka (D:1)
  6 bats
  14 kobolds
  4 rats
156 creatures vanquished.

Vanquished Creatures (others)
  2 orc wizards (D:11)
  2 fungi (D:7)
4 creatures vanquished.

Grand Total: 160 creatures vanquished

Notes
Turn   | Place    | Note
-------+----------+-------------------------------------------
     0 | D:1      | LabCoat the Hill Orc Fighter began the quest for the Orb.
     0 | D:1      | Reached XP level 1. HP: 19/19 MP: 1/1
   131 | D:1      | Reached XP level 2. HP: 25/27 MP: 2/2
   133 | D:1      | Reached skill level 3 in Axes
   309 | D:1      | Reached XP level 3. HP: 25/33 MP: 3/3
   843 | D:2      | Found an iron altar of Okawaru.
   884 | D:2      | Found a shimmering altar of Xom.
  1068 | D:2      | Reached skill level 4 in Axes
  1085 | D:2      | Noticed Natasha
  1089 | D:2      | Killed Natasha
  1090 | D:2      | Reached XP level 4. HP: 29/40 MP: 4/4
  1105 | D:2      | Found a sparkling altar of Nemelex Xobeh.
  1405 | D:2      | Noticed Natasha
  1410 | D:2      | Killed Natasha
  1411 | D:2      | Reached skill level 5 in Axes
  1621 | D:2      | Noticed Natasha
  1630 | D:2      | Killed Natasha
  1631 | D:2      | Reached XP level 5. HP: 34/46 MP: 5/5
  1948 | D:3      | Found a glowing silver altar of Zin.
  1987 | D:3      | Found a hide-covered altar of Uskayaw.
  1987 | D:3      | Noticed a kobold brigand
  2000 | D:3      | Killed a kobold brigand
  2001 | D:3      | Reached skill level 6 in Axes
  2195 | D:4      | Noticed a necrophage
  2224 | D:3      | Killed a necrophage
  2225 | D:3      | Reached XP level 6. HP: 21/53 MP: 6/6
  2631 | D:4      | Reached skill level 7 in Axes
  2666 | D:4      | Reached XP level 7. HP: 47/60 MP: 7/7
  2844 | D:4      | You fall into a shaft and drop 2 floors!
  3079 | D:6      | Reached skill level 8 in Axes
  3211 | D:6      | Reached skill level 5 in Fighting
  3211 | D:6      | Reached skill level 5 in Shields
  3227 | D:6      | Reached skill level 9 in Axes
  3227 | D:6      | Reached skill level 5 in Armour
  3227 | D:6      | Reached XP level 8. HP: 34/68 MP: 8/8
  3741 | D:6      | Reached skill level 10 in Axes
  4134 | D:6      | Noticed Eustachio
  4164 | D:6      | Killed Eustachio
  4165 | D:6      | Reached skill level 1 in Evocations
  4566 | D:6      | Found an opulent altar of Gozag.
  4865 | D:7      | Reached skill level 11 in Axes
  4865 | D:7      | Reached XP level 9. HP: 75/75 MP: 9/9
  4882 | D:7      | Reached skill level 1 in Throwing
  5217 | D:7      | Found a runed translucent door.
  5218 | D:7      | Noticed Crazy Yiuf
  5422 | D:7      | Noticed a two-headed ogre
  5431 | D:7      | Killed a two-headed ogre
  5432 | D:7      | Reached skill level 12 in Axes
  5924 | D:7      | Killed Crazy Yiuf
  6115 | D:8      | Noticed Joseph
  6133 | D:8      | Killed Joseph
  6134 | D:8      | Reached skill level 13 in Axes
  6134 | D:8      | Reached XP level 10. HP: 59/84 MP: 10/10
  7166 | D:9      | Found a bloodstained altar of Trog.
  7170 | D:9      | Found a blossoming altar of Fedhas.
  7174 | D:9      | Became a worshipper of Trog the Wrathful
  8292 | D:10     | Entered Level 10 of the Dungeon
  8303 | D:10     | Reached skill level 14 in Axes
  8415 | D:10     | Killed an unseen horror
  8576 | D:10     | Noticed Erolcha
  8585 | D:10     | Killed Erolcha
  8635 | D:10     | HP: 2/88 [troll (8)]
  9217 | D:10     | Identified the +7 trident of the Turnip {freeze, Fragile
                  | rN+ Int+3}
  9780 | D:10     | Reached XP level 11. HP: 43/94 MP: 11/11
 10213 | D:11     | Found Sesir's Distillery.
 10219 | D:11     | Noticed a white ugly thing
 10236 | D:11     | Noticed a cyclops
 10519 | D:12     | Killed a white ugly thing
 10520 | D:12     | Reached skill level 15 in Axes
 10599 | D:12     | Killed a cyclops
 10823 | D:11     | Noticed a cyclops
 10835 | D:11     | Noticed a two-headed ogre
 10836 | D:11     | Killed a cyclops
 10839 | D:11     | Slain by a two-headed ogre

Illustrated notes

Levels and vault maps discovered:
D:1:      dpeg_arrival_rooms_c, layout_basic
D:2:      layout_loops_ring, okawaru_ov_weapons_minmay,
          overflow_temple_1_default, nemelex_lonely_heart_becter, uniq_natasha
D:3:      layout_rooms, nicolae_uskayaw_dance_studio, overflow_temple_1_default
D:4:      layout_rooms
D:6:      layout_loops_ring, nicolae_gozag_cash_rules_everything_around_me,
          uniq_eustachio
D:7:      layout_basic, serial_rivers, chequers_serial_rivers_micro_e,
          chequers_serial_rivers_marsh, chequers_serial_rivers_small_b,
          chequers_serial_rivers_micro_d, chequers_serial_rivers_large_a,
          uniq_crazy_yiuf_cottage
D:8:      layout_loops_ring, minivault_25, uniq_joseph
D:9:      layout_irregular_city, grunt_temple_overflow_open
D:10:     layout_loops_cross, uniq_erolcha
D:11:     layout_rooms, lair_entry_dummy, erik_orc_1, enter_trove_6,
          serial_shops, nicolae_shop_window_shopping, minmay_starry_boxes
D:12:     layout_loops_corners, gammafunk_ghost_endoplasm, serial_shops,
          nicolae_shop_temple_entry_statues_fountains, kennysheep_little_box,
          shop, nicolae_shop_trees, minmay_unpleasant_kobolds

Skill      XL: |  1  2  3  4  5  6  7  8  9 10 11 |
---------------+----------------------------------+-----
Axes           | 3 4 5 6 7 9 11 13 14 15 | 15.3
Fighting       | 4 5 6 8 |  8.4
Shields        | 4 5 6 7 |  7.5
Armour         | 4 5 6 7 8 |  8.3
Evocations     | 1 2 |  2.2
Throwing       | 1 2 |  2.0

Action                   |  1- 3 |  4- 6 |  7- 9 | 10-12 || total
-------------------------+-------+-------+-------+-------++-------
Melee: War axe           |   104 |    93 |   270 |   247 ||   714
Throw: Dart              |       |     2 |    12 |    13 ||    27
Evoke: Wand              |       |     3 |    18 |     7 ||    28
  Use: Scroll            |     2 |     2 |     3 |     9 ||    16
       Potion            |       |       |     4 |     5 ||     9
 Stab: Sleeping          |       |       |     1 |       ||     1
       Paralysed         |       |       |     3 |       ||     3
Armor: Scale mail        |    65 |       |       |       ||    65
       Chain mail        |    13 |    56 |   151 |   159 ||   379
Dodge: Dodged            |    39 |    18 |    58 |    64 ||   179
Block: Kite shield       |    70 |    49 |   106 |   157 ||   382

Table legend: (Time is in decaauts)
 A = Elapsed time spent in this place.
 B = Non-inter-level travel time spent in this place.
 C = Inter-level travel time spent in this place.
 D = Time resting spent in this place.
 E = Time spent auto-exploring this place.
 F = Levels seen in this place.
 G = Mean time per level.
                   A        B        C        D        E       F      G
               +--------+--------+--------+--------+--------+-----+--------+
         Total |  11003 |  10812 |    191 |   3678 |   5459 |  11 | 1000.3 |
       Dungeon |  11003 |  10812 |    191 |   3678 |   5459 |  11 | 1000.3 |
               +--------+--------+--------+--------+--------+-----+--------+

Top non-repeatable levels by time:
     D:6: 2085 daAuts
    D:10: 1892 daAuts
     D:7: 1152 daAuts
     D:8: 1137 daAuts
     D:9: 1129 daAuts
     D:2: 972 daAuts
     D:1: 837 daAuts
     D:3: 666 daAuts
     D:4: 476 daAuts
    D:12: 375 daAuts
    D:11: 276 daAuts
